 Dungeon Crawl Stone Soup version 0.28-a0-1213-g0243856f03 (webtiles) character file.

Game seed: 4115150532097943165

4907 septik the Severer (level 10, -2/74 (80) HPs)
             Began as a Minotaur Berserker on Dec 21, 2021.
             Was an Elder of Trog.
             Slain by a wight (9 damage)
             ... on level 8 of the Dungeon.
             The game lasted 00:08:12 (7020 turns).

septik the Severer (Minotaur Berserker)             Turns: 7020, Time: 00:08:13

HP:   -2/74 (80)    AC: 13    Str: 26    XL:     10   Next: 27%
MP:   9/9           EV:  9    Int:  4    God:    Trog [****..]
Gold: 361           SH:  0    Dex: 10    Spells: 9/9 levels left

rFire   . . .      SeeInvis .   a - +0 hand axe
rCold   . . .      Faith    .   (no shield)
rNeg    . . .      Spirit   .   r - +4 chain mail {rPois}
rPois   +          Reflect  .   (helmet restricted)
rElec   .          Harm     .   (no cloak)
rCorr   .          Rampage  .   (no gloves)
Will    .....                   (no boots)
Stlth   ..........              (no amulet)
HPRegen 0.22/turn               (no ring)
MPRegen 0.11/turn               (no ring)

@: on berserk cooldown, slowed, drained, very slow
A: horns 2, retaliatory headbutt
a: Renounce Religion, Berserk, Trog's Hand, Brothers in Arms


You were on level 8 of the Dungeon.
You worshipped Trog.
Trog was greatly pleased with you.
You visited 1 branch of the dungeon, and saw 8 of its levels.

You collected 361 gold pieces.

Inventory:

Hand Weapons
 a - a +0 hand axe (weapon)
Missiles
 g - 182 stones (quivered)
 k - 30 poisoned darts
Armour
 b - a +0 animal skin
 l - a +0 scale mail
 r - a +4 chain mail of poison resistance (worn)
Jewellery
 v - a +6 ring of strength
Wands
 i - a wand of flame (7)
 x - a wand of polymorph (7)
 B - a wand of digging (6)
Scrolls
 d - 5 scrolls of identify {unknown}
 e - 2 scrolls of silence {unknown}
 f - 2 scrolls of enchant armour {unknown}
 h - a scroll of acquirement {unknown}
 o - a scroll of blinking {unknown}
 q - 5 scrolls of immolation {unknown}
 t - a scroll of summoning {unknown}
 u - a scroll of noise {unknown}
 w - 2 scrolls of vulnerability {unknown}
 y - 4 scrolls of teleportation
 A - a scroll of magic mapping {unknown}
 C - a scroll of fear {unknown}
 D - a scroll of enchant weapon {unknown}
 E - a scroll of holy word {unknown}
 H - a scroll of brand weapon {unknown}
Potions
 c - 4 potions of curing {unknown}
 j - a potion of degeneration {unknown}
 m - a potion of lignification {unknown}
 n - 2 potions of flight {unknown}
 p - 3 potions of cancellation {unknown}
 s - a potion of might {unknown}
 z - a potion of invisibility {unknown}
 F - a potion of brilliance {unknown}
 G - a potion of resistance {unknown}


   Skills:
 + Level 4.8 Fighting
 - Level 17.1 Axes
 + Level 5.2 Armour
 - Level 2.1 Dodging


You had 9 spell levels left.
You didn't know any spells.
Your spell library was empty.

Dungeon Overview and Level Annotations

Branches:
Dungeon (8/15)             Temple (0/1) D:5
   Lair: D:8-11

Altars:
Kikubaaqudgha

Shops:
D:3 :

Portals:
Abyss: D:5

Annotations:
D:7 1 runed translucent door


Innate Abilities, Weirdness & Mutations

You have a pair of horns on your head.
You reflexively headbutt those who attack you in melee.


Message History

You are exhausted.
You feel yourself slow down.
You hit the wight but do no damage.
The wight hits you but does no damage. x2
You slash the wight! You headbutt the wight.
You destroy the wight!
Trog accepts your kill.
You completely miss the wight. The wight hits you but does no damage.
You barely miss the wight. You headbutt the wight.
The wight is moderately damaged.
The wight hits you with a +5 war axe.
You feel drained.
You barely miss the wight. Your headbutt misses the wight.
The wight is moderately damaged.
The wight barely misses you. The wight hits you with a +5 war axe!
You closely miss the wight.
You headbutt the wight, but do no damage.
The wight is moderately damaged.
The wight hits you from afar with a +0 trident.
* * * LOW HITPOINT WARNING * * *
The wight hits you with a +5 war axe.
* * * LOW HITPOINT WARNING * * *
You feel drained.
* * * LOW HITPOINT WARNING * * *
You barely miss the wight. Your headbutt misses the wight.
The wight is moderately damaged.
The wight hits you but does no damage. The wight hits you with a +5 war axe.
* * * LOW HITPOINT WARNING * * *
You hit the wight but do no damage.
The wight is moderately damaged.
The wight misses you. The wight barely misses you.
You hit the wight.
The wight is moderately damaged.
The wight hits you from afar with a +0 trident.
* * * LOW HITPOINT WARNING * * *
You feel drained.
You completely miss the wight. Your headbutt misses the wight.
The wight is moderately damaged.
The wight closely misses you. You furiously retaliate!
You headbutt the wight.
The wight hits you from afar with a +0 trident!
You die...

# ##...# ##.....#
#.......## ## .........#
.. ### #........# .# ##.#
#......#.# .# ##.#.
#.....)#.####.##### ##.###
#?.......)@z....# #.## #
.##.###.####.###<# ##.###
........##..(z[.... ##.#.
###.####...#####..# ##.#
#+####.#.## #.# ####.#
...........# #.# #.....
.########..### #.# #.##.#
#....##.....###.# #.##..
#.
#._≈....⌠....##.#####.....


You could see 2 wights.

Vanquished Creatures
  A centaur warrior (D:8)
  The ghost of zikan the Poker, a novice GrFi (D:5)
  Maggie (D:7)
  A vampire mosquito (D:7)
  A steam dragon (D:8)
  A hornet zombie (D:7)
  A sky beast (D:7)
  3 ice beasts (D:6)
  A black bear (D:5)
  2 ogres
  A necrophage (D:8)
  2 centaurs
  A small abomination (D:5)
  2 kobold brigands (D:6)
  4 bullfrogs
  A gnoll sergeant (D:7)
  8 scorpions
  A water moccasin zombie (D:5)
  A water moccasin skeleton (D:5)
  6 killer bees (D:7)
  2 wights (D:8)
  4 howler monkeys
  A bullfrog zombie (D:6)
  2 centaur zombies (D:6)
  A hound (D:4)
  A jelly (D:7)
  A bullfrog skeleton (D:6)
  3 orc priests
  2 iron imps (D:5)
  4 iguanas
  3 orc wizards
  2 hound skeletons (D:4)
  Robin (D:4)
  16 gnolls
  5 adders
  A white imp (D:5)
  An ufetubus (D:3)
  An adder skeleton (D:4)
  4 worms
  A dart slug (D:4)
  29 orcs
  2 bats (D:2)
  4 endoplasms
  4 giant cockroaches
  13 goblins
  11 hobgoblins
  3 quokkas
  5 ball pythons
  A frilled lizard (D:3)
  17 kobolds
  A rat (D:3)
  A butterfly (D:7)
187 creatures vanquished.

Notes
Turn   | Place    | Note
-------+----------+-------------------------------------------
     0 | D:1      | septik the Minotaur Berserker began the quest for the Orb.
     0 | D:1      | Reached XP level 1. HP: 19/19 MP: 0/0
    36 | D:1      | You fall into a shaft and drop 1 floor!
   143 | D:2      | Reached skill level 4 in Axes
   222 | D:2      | Reached XP level 2. HP: 26/26 MP: 1/1
   545 | D:2      | Reached skill level 5 in Axes
   545 | D:2      | Reached XP level 3. HP: 31/31 MP: 2/2
  1011 | D:2      | Reached skill level 6 in Axes
  1011 | D:2      | Reached XP level 4. HP: 24/39 MP: 3/3
  1375 | D:3      | Found Ajyed's Book Emporium.
  1522 | D:3      | Reached ** piety under Trog
  2136 | D:4      | Noticed a scorpion
  2143 | D:4      | Reached skill level 7 in Axes
  2143 | D:4      | Reached XP level 5. HP: 45/45 MP: 4/4
  2221 | D:4      | Noticed Robin
  2233 | D:4      | Killed Robin
  2236 | D:4      | Reached skill level 8 in Axes
  2359 | D:4      | Reached XP level 6. HP: 51/51 MP: 5/5
  2914 | D:5      | Entered Level 5 of the Dungeon
  2925 | D:5      | Reached skill level 9 in Axes
  3031 | D:5      | Found a staircase to the Ecumenical Temple.
  3059 | D:5      | Noticed zikan's ghost (novice GrFi)
  3061 | D:5      | Reached XP level 7. HP: 50/57 MP: 6/6
  3072 | D:5      | Reached skill level 10 in Axes
  3155 | D:5      | Found a one-way gate to the infinite horrors of the Abyss.
  3155 | D:5      | Found a transporter.
  3196 | D:5      | Reached *** piety under Trog
  3431 | D:5      | Reached skill level 11 in Axes
  3569 | D:5      | Found a transporter.
  3734 | D:5      | Killed zikan's ghost
  3735 | D:5      | Reached skill level 12 in Axes
  3735 | D:5      | Reached XP level 8. HP: 33/64 MP: 7/7
  4097 | D:6      | Reached skill level 13 in Axes
  4404 | D:6      | Reached skill level 14 in Axes
  4703 | D:6      | Reached XP level 9. HP: 68/70 MP: 8/8
  4865 | D:7      | Reached **** piety under Trog
  4933 | D:7      | Noticed Maggie
  4944 | D:7      | Killed Maggie
  4945 | D:7      | Reached skill level 15 in Axes
  5541 | D:7      | Reached skill level 16 in Axes
  5689 | D:7      | Found a runed translucent door.
  5690 | D:7      | Found a runed translucent door.
  6415 | D:8      | Reached skill level 17 in Axes
  6415 | D:8      | Reached XP level 10. HP: 69/77 MP: 9/9
  6970 | D:8      | Found an ancient bone altar of Kikubaaqudgha.
  6990 | D:8      | Noticed a centaur warrior
  7005 | D:8      | Killed a centaur warrior
  7006 | D:8      | Reached skill level 5 in Armour
  7020 | D:8      | Slain by a wight

Illustrated notes

Levels and vault maps discovered:
D:1:      nicolae_arrival_washed_ashore, layout_basic, serial_shops,
          nicolae_shop_hallway_plus, minmay_liquid_box, serial_bayou_pond_b
D:2:      layout_loops_ring, minmay_misc_feat_iff, minmay_surrounded
D:3:      layout_basic, serial_shops, shop_statue
D:4:      layout_basic, uniq_robin
D:5:      layout_cave_pools, minmay_temple_entry_drinking_statues,
          gammafunk_ghost_abyssal_escape
D:6:      layout_basic, serial_corexii_hall, corexii_hall_statues_t,
          corexii_hall_statues_deadend, serial_park_tiny_pond
D:7:      lemuel_insect_pit, layout_loops_cross, kennysheep_generic_room_10,
          uniq_maggie
D:8:      layout_loops_corners, kiku_gazebo_pond_becter

Skill      XL: |  1  2  3  4  5  6  7  8  9 10 |
---------------+-------------------------------+-----
Axes           | 4 5 6 7 8 9 12 14 17 | 17.1
Armour         | 5 |  5.2
Fighting       | 4 |  4.8
Dodging        | |  2.1

Action                   |  1- 3 |  4- 6 |  7- 9 | 10-12 || total
-------------------------+-------+-------+-------+-------++-------
Melee: Hand axe          |    63 |   131 |   320 |    62 ||   576
       Headbutt          |    14 |    29 |    58 |    16 ||   117
Invok: Berserk           |     2 |     4 |     6 |     1 ||    13
       Trog's Hand       |       |       |     1 |       ||     1
Armor: Animal skin       |     3 |     3 |       |       ||     6
       Scale mail        |       |    27 |       |       ||    27
       Chain mail        |       |    17 |   129 |    44 ||   190
Dodge: Dodged            |    37 |    40 |    97 |    21 ||   195

Table legend: (Time is in decaauts)
 A = Elapsed time spent in this place.
 B = Non-inter-level travel time spent in this place.
 C = Inter-level travel time spent in this place.
 D = Time resting spent in this place.
 E = Time spent auto-exploring this place.
 F = Levels seen in this place.
 G = Mean time per level.
                   A        B        C        D        E       F      G
               +--------+--------+--------+--------+--------+-----+--------+
         Total |   6980 |   6639 |    341 |    698 |   4910 |   8 |  872.5 |
       Dungeon |   6980 |   6639 |    341 |    698 |   4910 |   8 |  872.5 |
               +--------+--------+--------+--------+--------+-----+--------+

Top non-repeatable levels by time:
     D:7: 1433 daAuts
     D:2: 1216 daAuts
     D:3: 966 daAuts
     D:5: 938 daAuts
     D:4: 935 daAuts
     D:6: 844 daAuts
     D:8: 608 daAuts
     D:1: 36 daAuts
